 Dungeon Crawl Stone Soup version 0.20.0-10-g0535bb4 (webtiles) character file.

23 Ekaitz the Grasshopper (level 2, -1/21 HPs)
             Began as a Vine Stalker Wanderer on June 7, 2017.
             Slain by an adder (3 damage)
             ... on level 2 of the Dungeon.
             The game lasted 00:02:52 (978 turns).

Ekaitz the Grasshopper (Vine Stalker Wanderer)       Turns: 978, Time: 00:02:52

Health: -1/21      AC: 21    Str: 15    XL:     2   Next: 95%
Magic:  0/5        EV:  2    Int: 10    God:
Gold:   41         SH:  0    Dex: 14    Spells: 1/3 levels left

rFire    . . .     SeeInvis .   b - +0 hand axe
rCold    . . .     Gourm    .   (no shield)
rNeg     + + +     Faith    .   (armour currently unavailable)
rPois    +         Spirit   +   (helmet currently unavailable)
rElec    .         Reflect  .   (cloak currently unavailable)
rCorr    .         Harm     .   (gloves currently unavailable)
MR       .....     NoTele   +   (boots currently unavailable)
Stlth    ++........             (no amulet)
Regen    0.1/turn               (no ring)
MPRegen  0.1/turn               (no ring)

@: lethally poisoned (-1 -> -4), tree-form
A: magic shield, no potion heal 3, rot immunity
a: no special abilities


You were on level 2 of the Dungeon.
You were not hungry.
You were a tree.
You visited 1 branch of the dungeon, and saw 2 of its levels.

You collected 41 gold pieces.

Inventory:

Hand Weapons
 b - a +0 hand axe (weapon)
Missiles
 e - 18 poisoned needles
Armour
 g - a cursed +0 leather armour (melded)
Scrolls
 h - a scroll of recharging {unknown}
 i - a scroll of enchant weapon {unknown}
Potions
 d - a potion of curing {unknown}
Books
 a - a book of Spatial Translocations

   Spells                             Type                      Level
   a - Blink                          Translocation                2
   b - Shroud of Golubria             Charms/Translocation         2
   c - Lesser Beckoning               Translocation                3
   d - Gell's Gravitas                Translocation                3
   e - Teleport Other                 Translocation                3
   f - Passage of Golubria            Translocation                4
Comestibles
 f - 3 bread rations


   Skills:
 + Level 1.1 Fighting
 * Level 1.3(1.5) Axes
   Level 1.0(1.3) Maces & Flails
 + Level 1.0 Throwing
 + Level 1.4 Armour
 + Level 1.2 Stealth
 + Level 1.4 Spellcasting
   Level 2.0 Necromancy
 + Level 2.0 Translocations


You had one spell level left.
You knew the following spells:

 Your Spells              Type           Power        Failure   Level  Hunger
a - Blink                 Tloc           N/A          22%         2    ###....


Dungeon Overview and Level Annotations

Branches:
Dungeon (2/15)

Altars:


Innate Abilities, Weirdness & Mutations

((You have extremely sharp teeth.))
When hurt, damage is shared between your health and your magic reserves.
((Your bite disrupts and absorbs the magic of your enemies.))
Potions cannot restore your health.
You are immune to rotting.


Message History

* * * LOW HITPOINT WARNING * * *
You closely miss the adder.
The adder is lightly wounded.
The adder bites you but does no damage. The adder bites you.
You barely miss the adder.
The adder is lightly wounded.
The adder bites you but does no damage.
You hit the adder.
The adder is heavily wounded.
* * * LOW HITPOINT WARNING * * *
You feel sick. The adder bites you but does no damage. The adder bites you.
* * * LOW HITPOINT WARNING * * *
You miss the adder.
The adder is heavily wounded.
The adder bites you.
* * * LOW HITPOINT WARNING * * *
You closely miss the adder.
The adder is heavily wounded.
The adder bites you but does no damage. The adder bites you.
You die...

#.#.##...#### .#
#<#.#.....## #####.#
...........## #.....#
#.#.........####...######.
..'.........+.............
#.#.........####...######.
#.##.......## #lw##
..###.....## #S## ###
##...## #♣# ##+## #.# #.#
##.# #.# #..# #######.##
#.## .....#...## #.#
####......# #.#
.###.#...######.#
.........>......#


You could see a worm, an adder and a leopard gecko.

Vanquished Creatures
  An ooze (D:1)
  A giant cockroach (D:1)
  A goblin (D:1)
  2 hobgoblins (D:1)
  A quokka (D:2)
  A bat (D:1)
  A frilled lizard (D:1)
  5 kobolds (D:1)
  A leopard gecko skeleton (D:1)
  6 rats
20 creatures vanquished.

Notes
Turn   | Place    | Note
-------+----------+-------------------------------------------
     0 | D:1      | Ekaitz the Vine Stalker Wanderer began the quest for the Orb.
     0 | D:1      | Ekaitz set off with: a book of Spatial Translocations, a +0 hand axe, a potion of lignification, a +0 robe, a bread ration
     0 | D:1      | Reached XP level 1. HP: 10/10 MP: 3/3
   180 | D:1      | Reached XP level 2. HP: 6/14 MP: 3/5
   184 | D:1      | Learned a level 2 spell: Blink
   250 | D:1      | Reached skill level 1 in Axes
   977 | D:2      | HP: 1/21 [adder (1)]
   978 | D:2      | Slain by an adder

Skill      XL: |  1  2 |
---------------+-------+-----
Axes           | 1 |  1.3
Fighting       | |  1.1
Maces & Flails | |  1.0
Throwing       | |  1.0
Armour         | |  1.4
Stealth        | |  1.2
Spellcasting   | |  1.4
Necromancy     | |  2.0
Translocations | |  2.0

Action                   || total
-------------------------++-------
Melee: Hand axe          ||    66
       Bite              ||    13
 Cast: Blink             ||     1
  Use: Potion            ||     1
 Stab: Sleeping          ||     3
Armor: Leather armour    ||    16
       Skin              ||     6
Dodge: Dodged            ||    26
